 Dungeon Crawl Stone Soup version 0.29-a0-103-g37f86683bf (webtiles) character file.

Game seed: 5977777709484305197

72153 drugrobin the Spear-Bearer (level 14, -7/132 HPs)
             Began as a Demigod Warper on Feb 15, 2022.
             Drowned by a water nymph (10 damage)
             ... on level 1 of the Shoals.
             The game lasted 01:53:29 (23954 turns).

drugrobin the Spear-Bearer (Demigod Warper)        Turns: 23954, Time: 01:53:30

Health: -7/132     AC: 19    Str: 30    XL:     14   Next: 57%
Magic:  0/34       EV: 21    Int: 15    God:
Gold:   1043       SH:  0    Dex: 19    Spells: 3/23 levels left

rFire   . . .      SeeInvis .   F - +5 bardiche (freeze)
rCold   + + +      Faith    .   (shield currently unavailable)
rNeg    . . .      Spirit   +   P - +1 troll leather armour
rPois   +          Reflect  .   u - +2 helmet of Avasmashrob {rCorr Dex+2}
rElec   .          Harm     .   m - +2 cloak
rCorr   +          Rampage  .   h - +0 pair of gloves
Will    +....                   O - +2 pair of boots
Stlth   +.........              w - amulet "Sootzois" {Spirit rPois MP+9 Int-2 Stlth+}
HPRegen 1.12/turn               B - ring "Uphirch" {Contam rC+++ AC+4 Str+6}
MPRegen 0.24/turn               g - +4 ring of slaying

@: very slow
A: high MP 1, forlorn, divine attributes, clever 1, wild magic 1
a: no special abilities


You were on level 1 of the Shoals.
You visited 3 branches of the dungeon, and saw 17 of its levels.
You also visited: Bailey, Gauntlet, Ice Cave and Volcano.

You collected 1524 gold pieces.
You spent 481 gold pieces at shops.

Inventory:

Hand Weapons
 a - a +0 glaive of freezing
 b - a +2 vampiric trident
 c - a +2 broad axe of flaming
 d - the +8 mace "Abahouh" {freeze, rF+ Str+6 Dex+4}
   (You found it on level 4 of the Dungeon)

   It freezes those it strikes, dealing additional cold damage.
   It can also slow down cold-blooded creatures.
   Str:       It affects your strength (+6).
   Dex:       It affects your dexterity (+4).
   rF:        It protects you from fire.
 v - a +2 dagger of venom
 F - a +5 bardiche of freezing (weapon)
Missiles
 f - 4 throwing nets
 y - 6 boomerangs (quivered)
 H - 14 javelins
 S - 24 poisoned darts
 T - 2 curare-tipped darts
Armour
 h - a +0 pair of gloves (worn)
 m - a +2 cloak (worn)
 s - +2 fire dragon scales
 u - the +2 helmet of Avasmashrob (worn) {rCorr Dex+2}
   (You found it in a Gauntlet)

   Dex:       It affects your dexterity (+2).
   rCorr:     It protects you from acid and corrosion.
 O - a +2 pair of boots (worn)
 P - a +1 troll leather armour (worn)
Jewellery
 g - a +4 ring of slaying (right hand)
 l - the ring "Dofeem" {rF+ rC- rN+ Int+5}
   (You found it on level 6 of the Lair of Beasts)

   [ring of positive energy]

   Int:       It affects your intelligence (+5).
   rF:        It protects you from fire.
   rC:        It makes you vulnerable to cold.
   rN:        It protects you from negative energy.
 w - the amulet "Sootzois" (around neck) {Spirit rPois MP+9 Int-2 Stlth+}
   (You acquired it on level 1 of the Shoals)

   [amulet of guardian spirit]

   It causes incoming damage to be divided between your reserves of health and
   magic.
   Int:       It affects your intelligence (-2).
   rPois:     It protects you from poison.
   MP:        It affects your magic capacity (+9).
   Stlth:     It makes you more stealthy.
 B - the ring "Uphirch" (left hand) {Contam rC+++ AC+4 Str+6}
   (You found it on level 6 of the Lair of Beasts)

   [ring of protection]

   AC:        It affects your AC (+4).
   Str:       It affects your strength (+6).
   rC:        It renders you almost immune to cold.
   Contam:    It causes magical contamination when unequipped.
 R - a ring of poison resistance
Wands
 n - a wand of paralysis (3)
 r - a wand of iceblast (21)
 K - a wand of acid (13)
Scrolls
 q - 3 scrolls of magic mapping
 t - 4 scrolls of vulnerability
 A - a scroll of fog
 N - 8 scrolls of teleportation
 W - 5 scrolls of blinking
Potions
 i - a potion of resistance
 j - 12 potions of curing
 k - 3 potions of heal wounds
 o - 5 potions of haste
 p - a potion of brilliance
 x - 2 potions of cancellation
 z - 2 potions of flight
 C - a potion of might
 E - 2 potions of berserk rage
 L - 3 potions of lignification
 Y - 6 potions of magic
Miscellaneous
 D - a box of beasts


   Skills:
 + Level 14.1 Fighting
 + Level 14.8 Polearms
 - Level 0.8 Throwing
 - Level 0.8 Armour
 + Level 13.7 Dodging
 - Level 5.0 Spellcasting
 - Level 2.8 Translocations


You had 3 spell levels left.
You knew the following spells:

 Your Spells              Type           Power      Damage    Failure   Level
a - Blink                 Tloc           30%        N/A       13%         2
b - Teleport Other        Tloc           15%        N/A       24%         3
c - Gell's Gravitas       Tloc           15%        N/A       24%         3
d - Passage of Golubria   Tloc           15%        N/A       58%         4
e - Manifold Assault      Tloc           15%        N/A       88%         5
f - Conjure Flame         Conj/Fire      4%         6-21      56%         3

Your spell library contained the following spells:

 Spells                   Type           Power      Damage    Failure   Level
 Lesser Beckoning         Tloc           15%        N/A       24%         3
 Foxfire                  Conj/Fire      16%        2x1d4     26%         1
 Magic Dart               Conj           16%        1d3       26%         1
 Sandblast                Erth           8%         2d5       26%         1
 Ensorcelled Hibernation  Hex/Ice        8%         N/A       34%         2
 Passwall                 Tmut/Erth      3%         N/A       34%         2
 Searing Ray              Conj           8%         2d4       34%         2
 Sublimation of Blood     Necr           4%         N/A       34%         2
 Portal Projectile        Hex/Tloc       20%        N/A       38%         3
 Dazzling Flash           Conj/Hex       8%         N/A       56%         3
 Inner Flame              Hex/Fire       4%         N/A       56%         3
 Spider Form              Tmut/Pois      4%         N/A       56%         3
 Stone Arrow              Conj/Erth      8%         3d7       56%         3
 Tukima's Dance           Hex            4%         N/A       56%         3
 Airstrike                Air            2%         N/A       91%         4
 Anguish                  Hex/Necr       2%         N/A       91%         4
 Cause Fear               Hex            2%         N/A       91%         4
 Flame Wave               Conj/Fire      4%         2d5       91%         4
 Fulminant Prism          Conj/Hex       2%         3d6       91%         4
 Leda's Liquefaction      Hex/Erth       2%         N/A       91%         4
 Petrify                  Tmut/Erth      4%         N/A       91%         4
 Summon Lightning Spire   Summ/Air       4%         N/A       91%         4
 Agony                    Necr           4%         N/A       99%         5
 Fireball                 Conj/Fire      2%         3d4       99%         5
 Irradiate                Conj/Tmut      2%         3d14      99%         5
 Iskenderun's Battlesphe  Conj           4%         2d6       99%         5
 Silence                  Hex/Air        2%         N/A       99%         5
 Yara's Violent Unravell  Hex/Tmut       2%         3d3       99%         5
 Conjure Ball Lightning   Conj/Air       2%         3x3d6     100%        6
 Eringya's Noxious Bog    Tmut/Pois      2%         N/A       100%        6
 Starburst                Conj/Fire      2%         6d3       100%        6
 Dragon Form              Tmut           2%         N/A       100%        7
 Malign Gateway           Summ/Tloc      5%         N/A       100%        7
 Orb of Destruction       Conj           2%         9d5       100%        7
 Ignition                 Fire           2%         3d3       100%        8
 Dragon's Call            Summ           2%         N/A       100%        9


Dungeon Overview and Level Annotations

Branches:
Dungeon (10/15)            Temple (0/1) D:5            Lair (6/6) D:10
 Shoals (1/4) Lair:2        Snake (0/4) Lair:4        Slime (0/5) Lair:5
    Orc (0/2) D:10         Bailey (visited)           IceCv (visited)
Volcano (visited)         Gauntlet (visited)

Shops:
D:8 *   Shoals:1 *[

Annotations:
Lair:2 2 transporters, exclusion: oklob plant, drugrobin's ghost, journeyman DgWr


Innate Abilities, Weirdness & Mutations

You have an increased reservoir of magic. (+10% MP)
You shall have no god before yourself.
Your divine heritage dramatically boosts your attributes as you level up.
Your mind is acute. (Int +2)
Your spells are a little harder to cast, but a little more powerful.


Message History

You freeze the water elemental!
You destroy the water elemental!
The water elemental hits you.
The water nymph points at you and mumbles some strange words.
The water swirls and strikes you!!
Unknown command.
Unknown command.
Unknown command.
Unknown command.
Unknown command.
Unknown command.
Unknown command.
Unknown command.
You slash the water nymph! You freeze the water nymph.
The water nymph is heavily wounded.
The water nymph touches you! The water nymph drowns you!
* * * LOW HITPOINT WARNING * * *
The water elemental hits you.
The water elemental engulfs you in water!
The water nymph barely misses you.
Unknown command.
Unknown command.
Unknown command.
Unknown command.
You cannot cast spells while unable to breathe!
Sorry, you're not good enough to have a special ability.
Unknown command.
Unknown command.
Unknown command.
You cannot read scrolls while unable to breathe!
You slip free of the water engulfing you.
You gasp with relief as air once again reaches your lungs.
The water nymph gestures at you while chanting.
The water swirls and strikes you!!
* * * LOW HITPOINT WARNING * * *
A snapping turtle comes into view.
The water nymph touches you.
* * * LOW HITPOINT WARNING * * *
The water nymph drowns you!
You die...

≈≈#≈≈#≈≈≈≈≈≈≈≈≈≈≈##..
#≈≈≈≈≈≈≈≈≈≈≈≈≈≈≈≈...≈ #
≈≈#≈m≈.≈≈≈≈≈≈≈≈≈...≈
t≈## ≈≈≈≈≈≈≈≈≈≈≈≈≈≈≈≈≈..
≈≈≈≈##≈≈≈≈≈≈≈≈≈≈≈≈≈≈≈≈≈.
≈≈≈≈≈≈≈≈≈m≈≈≈≈≈≈≈≈≈≈≈≈≈≈
≈≈≈≈≈≈≈≈≈≈≈≈≈≈≈≈≈≈≈≈≈≈≈≈
≈≈≈≈≈≈≈≈≈≈≈≈≈≈≈≈≈≈≈≈≈≈≈≈
≈≈≈≈≈≈≈@m≈≈≈≈≈≈≈≈≈≈≈≈≈≈≈
≈≈≈≈≈≈≈≈E≈≈≈≈≈≈≈≈≈≈≈≈≈≈≈
≈≈≈≈≈≈≈≈≈≈≈≈≈≈≈≈ ≈≈≈≈
≈≈≈≈≈≈≈≈≈≈≈≈≈≈≈≈ ≈≈≈≈
≈≈≈≈≈≈≈≈≈≈≈≈≈≈≈≈ ≈≈≈≈
≈≈≈≈≈≈≈≈≈≈≈≈≈≈≈≈ ≈≈≈≈
≈≈≈≈≈≈≈≈≈≈≈≈≈≈≈≈ ≈≈≈≈
≈≈≈≈≈≈≈≈≈≈≈≈≈≈≈≈ ≈≈≈≈
≈≈≈≈≈≈≈≈≈≈≈≈≈≈≈ ≈≈≈≈


You could see a merfolk aquamancer (poisoned), a snapping turtle (wandering), a
water elemental and 2 water nymphs.

Vanquished Creatures
  A frost giant (IceCv)
  4 dire elephants (Lair:6)
  A minotaur (Gauntlet)
  A fire dragon (Volcano)
  7 hydras
  5 two-headed ogres
  A merfolk aquamancer (Shoals:1)
  20 death yaks
  Urug (Lair:4)
  A sixfirhy (Gauntlet)
  An obsidian statue (Lair:6)
  A sea snake (Shoals:1)
  A spectral anaconda (Lair:6)
  An orc knight (Bailey)
  Pikel (D:5)
  A deep elf pyromancer (Bailey)
  2 manticores (Shoals:1)
  3 necromancers (Lair:6)
  A merfolk siren (Shoals:1)
  An ice statue (IceCv)
  15 elephants
  2 moths of wrath (Gauntlet)
  5 black mambas
  8 cane toads
  6 rime drakes
  Maggie (D:10)
  9 komodo dragons
  3 merfolk (Shoals:1)
  A troll (D:7)
  10 polar bears
  A hornet (D:8)
  14 blink frogs
  2 snapping turtles
  A spectral elephant (Lair:6)
  2 wyverns
  3 water elementals (Shoals:1)
  A shadow (D:6)
  5 basilisks
  38 yaks
  7 steam dragons
  3 death yak simulacra (Lair:6)
  3 redbacks (Gauntlet)
  5 nagas
  A spectral cane toad (Lair:6)
  20 water moccasins
  3 hell hounds (Volcano)
  A hornet zombie (D:8)
  An elephant zombie (Lair:6)
  A sky beast (D:6)
  11 orc warriors
  An ice beast (D:5)
  4 black bears
  44 wolves
  2 necrophages
  5 centaurs
  2 phantoms
  2 elephant skeletons (Lair:6)
  14 bullfrogs
  3 scorpions
  A cane toad simulacrum (Lair:6)
  A killer bee (D:10)
  6 wights
  5 howler monkeys
  4 electric eels
  A bullfrog skeleton (D:6)
  7 jellies
  10 orc priests
  5 hounds
  A centaur skeleton (D:6)
  A gnoll shaman (D:7)
  Jessica (D:2)
  Natasha (thrice) (D:4)
  Terence (D:2)
  13 orc wizards
  A scorpion zombie (D:5)
  A killer bee zombie (D:8)
  A hound skeleton (D:4)
  A howler monkey zombie (D:9)
  4 gnolls
  A howler monkey skeleton (D:5)
  8 adders
  2 ufetubi (Gauntlet)
  3 worms
  3 dart slugs
  49 orcs
  9 endoplasms
  2 giant cockroaches
  12 goblins
  9 hobgoblins
  7 jackals
  6 quokkas
  7 ball pythons
  3 bats
  3 frilled lizards
  7 kobolds
  7 rats
521 creatures vanquished.

Vanquished Creatures (collateral kills)
  A troll (D:10)
  A water moccasin (D:10)
  2 bullfrogs (D:10)
  2 orcs (D:10)
6 creatures vanquished.

Vanquished Creatures (others)
  55 fungi
  68 plants
  14 withered plants (Lair:6)
137 creatures vanquished.

Grand Total: 664 creatures vanquished

Notes
Turn   | Place    | Note
-------+----------+-------------------------------------------
     0 | D:1      | drugrobin the Demigod Warper began the quest for the Orb.
     0 | D:1      | Reached XP level 1. HP: 17/17 MP: 5/5
   184 | D:1      | Reached XP level 2. HP: 11/24 MP: 7/7
   192 | D:1      | Learned a level 2 spell: Blink
  1498 | D:2      | Reached XP level 3. HP: 28/29 MP: 8/8
  1508 | D:2      | Learned a level 3 spell: Teleport Other
  2004 | D:2      | Noticed Terence
  2028 | D:2      | Killed Terence
  2029 | D:2      | Reached XP level 4. HP: 16/36 MP: 9/9
  2240 | D:2      | Noticed Jessica
  2245 | D:2      | Killed Jessica
  3817 | D:3      | Reached XP level 5. HP: 41/41 MP: 10/10
  4030 | D:3      | Reached skill level 5 in Polearms
  4113 | D:4      | Noticed Natasha
  4128 | D:4      | Killed Natasha
  4268 | D:4      | Noticed a black bear
  4315 | D:3      | Killed a black bear
  4316 | D:3      | Reached XP level 6. HP: 33/51 MP: 7/11
  4463 | D:4      | Learned a level 3 spell: Gell's Gravitas
  4471 | D:4      | Identified the +8 mace "Abahouh" {freeze, rF+ Str+6 Dex+4}
  5034 | D:4      | Noticed Natasha
  5044 | D:4      | Killed Natasha
  5045 | D:4      | Reached XP level 7. HP: 58/59 MP: 12/12
  5143 | D:4      | Noticed Natasha
  5151 | D:4      | Killed Natasha
  5199 | D:5      | Entered Level 5 of the Dungeon
  5252 | D:5      | Noticed Pikel
  5265 | D:5      | Killed Pikel
  5266 | D:5      | Reached skill level 5 in Fighting
  5564 | D:5      | Reached XP level 8. HP: 67/68 MP: 13/13
  5624 | D:5      | Found a staircase to the Ecumenical Temple.
  6909 | D:6      | Reached skill level 5 in Dodging
  7697 | D:7      | Reached XP level 9. HP: 77/78 MP: 14/14
  8003 | D:7      | Identified the +2 robe "Upnei" {Will- Regen+ Dex+2}
  8932 | D:8      | Noticed a two-headed ogre
  9040 | D:7      | Killed a two-headed ogre
  9270 | D:8      | Noticed a two-headed ogre
  9345 | D:8      | Killed a two-headed ogre
  9346 | D:8      | Reached XP level 10. HP: 88/88 MP: 15/15
  9393 | D:8      | Found Okhlil's Serpentskin Sales.
  9411 | D:8      | Bought a ring of poison resistance for 220 gold pieces
  9411 | D:8      | Bought 5 poisoned darts for 22 gold pieces
  9411 | D:8      | Bought 2 poisoned darts for 8 gold pieces
  9411 | D:8      | Bought 3 curare-tipped darts for 19 gold pieces
  9411 | D:8      | Bought 5 poisoned darts for 22 gold pieces
  9411 | D:8      | Bought 3 curare-tipped darts for 19 gold pieces
  9989 | D:9      | Noticed a two-headed ogre
 10018 | D:8      | Killed a two-headed ogre
 10066 | D:9      | Noticed a two-headed ogre
 10086 | D:9      | Killed a two-headed ogre
 10087 | D:9      | Reached skill level 10 in Polearms
 10095 | D:9      | Noticed a two-headed ogre
 10133 | D:8      | Killed a two-headed ogre
 10407 | D:9      | Found a flagged portal.
 10418 | Bailey   | Entered a bailey
 10764 | Bailey   | Found a large runed translucent door.
 10764 | Bailey   | Found a large runed translucent door.
 10765 | Bailey   | Noticed an orc knight
 10797 | Bailey   | Noticed a deep elf pyromancer
 10848 | Bailey   | Killed an orc knight
 11006 | Bailey   | Killed a deep elf pyromancer
 11007 | Bailey   | Reached XP level 11. HP: 21/97 MP: 10/17
 11533 | D:10     | Entered Level 10 of the Dungeon
 11563 | D:10     | Found a staircase to the Lair.
 11889 | D:10     | Noticed Maggie
 11909 | D:10     | Killed Maggie
 12227 | D:10     | Found a staircase to the Orcish Mines.
 12366 | D:10     | Reached skill level 10 in Fighting
 12667 | D:10     | Learned a level 4 spell: Passage of Golubria
 12694 | Lair:1   | Entered Level 1 of the Lair of Beasts
 12774 | Lair:1   | Noticed a six-headed hydra
 12848 | Lair:1   | Killed a one-headed hydra
 14059 | Lair:2   | Found a staircase to the Shoals.
 14196 | Lair:2   | Found a transporter.
 14200 | Lair:2   | Found a transporter.
 14200 | Lair:2   | Noticed drugrobin's ghost (journeyman DgWr)
 15036 | Lair:3   | Reached skill level 10 in Dodging
 15090 | Lair:3   | Reached XP level 12. HP: 69/108 MP: 21/21
 15349 | Lair:3   | Found a dark tunnel.
 15368 | Volcano  | Entered a volcano
 15390 | Volcano  | Noticed a fire dragon
 15405 | Volcano  | Killed a fire dragon
 15831 | Lair:3   | Reached skill level 5 in Spellcasting
 16663 | Lair:4   | Noticed Urug
 16750 | Lair:4   | Noticed a five-headed hydra
 16804 | Lair:4   | Noticed a six-headed hydra
 16816 | Lair:3   | Killed a one-headed hydra
 16964 | Lair:4   | Noticed a four-headed hydra
 16993 | Lair:3   | Killed a four-headed hydra
 17089 | Lair:3   | Killed a five-headed hydra
 17276 | Lair:4   | Reached XP level 13. HP: 117/117 MP: 24/24
 17300 | Lair:4   | Learned a level 5 spell: Manifold Assault
 17304 | Lair:4   | Learned a level 3 spell: Conjure Flame
 17305 | Lair:4   | Found a staircase to the Snake Pit.
 17739 | Lair:4   | Killed Urug
 18354 | Lair:5   | Found a staircase to the Slime Pits.
 18454 | Lair:5   | Found a gate leading to a gauntlet.
 18515 | Gauntlet | Entered a Gauntlet
 18515 | Gauntlet | Found a transporter.
 18515 | Gauntlet | Found a transporter.
 18517 | Gauntlet | Found a transporter.
 18518 | Gauntlet | Found a transporter.
 18521 | Gauntlet | Found a transporter.
 18521 | Gauntlet | Found a transporter.
 18562 | Gauntlet | Found a runed translucent door.
 18565 | Gauntlet | Found a transporter.
 18567 | Gauntlet | Found a transporter.
 18580 | Gauntlet | Found a transporter.
 18588 | Gauntlet | Found a transporter.
 18595 | Gauntlet | Found a transporter.
 18615 | Gauntlet | Found a transporter.
 18873 | Gauntlet | Identified the +2 helmet of Avasmashrob {rCorr Dex+2}
 18914 | Gauntlet | Found the +8 Vampire's Tooth {vamp}
 18914 | Gauntlet | Noticed a minotaur
 18933 | Gauntlet | Killed a minotaur
 18998 | Gauntlet | Got Uqeoputi's Compendium of Translocation
 19006 | Gauntlet | Got Sif Muna's Incunabulum of Poisonous Air
 19009 | Gauntlet | Got the Papyrus of Curses
 19074 | Lair:5   | Found a frozen archway.
 19083 | IceCv    | Entered an ice cave
 20042 | IceCv    | Noticed a frost giant
 20107 | IceCv    | Killed a frost giant
 20438 | Lair:5   | Identified the +5 chain mail of Focus {rF+ Dex+4}
 21235 | Lair:6   | Entered Level 6 of the Lair of Beasts
 21398 | Lair:6   | Reached XP level 14. HP: 129/129 MP: 25/25
 22407 | Lair:6   | Identified the ring "Uphirch" {Contam rC+++ AC+4 Str+6}
 23017 | Lair:6   | Gained mutation: Your body sometimes deteriorates upon
                  | taking damage. [a neqoxec]
 23031 | Lair:6   | Identified the ring "Dofeem" {rF+ rC- rN+ Int+5}
 23211 | Shoals:1 | Entered Level 1 of the Shoals
 23215 | Shoals:1 | Lost mutation: Your body sometimes deteriorates upon taking
                  | damage. [potion of mutation]
 23215 | Shoals:1 | Gained mutation: Armour fits poorly on your strangely
                  | shaped body. [potion of mutation]
 23217 | Shoals:1 | Lost mutation: Armour fits poorly on your strangely shaped
                  | body. [potion of mutation]
 23217 | Shoals:1 | Gained mutation: Your spells are a little harder to cast,
                  | but a little more powerful. [potion of mutation]
 23217 | Shoals:1 | Gained mutation: Your mind is acute. (Int +2) [potion of
                  | mutation]
 23435 | Shoals:1 | Found Zian's Armour Boutique.
 23563 | Shoals:1 | Found Xaef's Mass Market.
 23586 | Shoals:1 | Bought a +0 bardiche for 171 gold pieces
 23612 | Shoals:1 | Identified a scroll of acquirement
 23612 | Shoals:1 | Acquired the amulet "Sootzois" {Spirit rPois MP+9 Int-2
                  | Stlth+}
 23954 | Shoals:1 | HP: 5/132 [water nymph/the raging water (27)]
 23954 | Shoals:1 | Drowned by a water nymph

Illustrated notes

Levels and vault maps discovered:
D:1:      wheals_arrival_linesprint, layout_basic, grunt_decor_one_mirror,
          hex_large, minmay_pentomino_o4
D:2:      minmay_kobold_bridge, layout_basic, serial_glass, glass_columns_b,
          glass_columns_c, basic_altar, minmay_misc_feat_plants, uniq_terence,
          uniq_jessica
D:3:      layout_loops_corners, dreamdust_ecumenical_altar_grove,
          dk_noncrumbling_4, corexii_item_surrounded_by_moat,
          minmay_misc_feat_enclosed, st_stairs_8
D:4:      layout_cave_pools, kennysheep_pointless_box, uniq_natasha
D:5:      layout_loops_ring, mainiacjoe_overflow_divided_tiny, temple_pool_b,
          serial_aquarium, aquarium_bridge_square [aquarium_subvault_wall,
          aquarium_subvault_wall, aquarium_subvault_bridge,
          aquarium_subvault_wall], aquarium_window_1, aquarium_window_1,
          aquarium_view_2c, aquarium_view_2f, aquarium_balcony_5b,
          aquarium_pool_2, uniq_pikel
D:6:      layout_basic
D:7:      layout_basic, palyth_temple_overflow_mages
D:8:      layout_basic, nicolae_overflow_hidden_temple, guppyfry_shop_venom
D:9:      layout_rooms, nicolae_overflow_crystal_walls, fedhas_altar_1,
          enter_bailey_5, serial_curves, eino_curves_01, eino_curves_04
D:10:     layout_irregular_city, lemuel_round_altar,
          due_lair_maze_entry_diamond, hiddenorc1_lemuel, uniq_maggie
Lair:1:   layout_cave_pods, serial_bayou_shore_a
Lair:2:   layout_hall_layers, minmay_shoals_entry_hut, gammafunk_ghost_arena,
          minivault_26, nicolae_quartered_pool_little, hangedman_tree_tricks,
          columned_hall_lemuel
Lair:3:   layout_loops_ring, enter_volcano_2, grunt_megastairs_1
Lair:4:   layout_small_grid, minmay_snake_entry_guardpost_medium,
          grunt_forest_large_clearings, uniq_urug
Lair:5:   layout_cave_pods, nicolae_slime_entry_slimehenge,
          portal_ice_cave_entry_pillars_2, gauntlet_entry_generic
Lair:6:   due_jungle_book, layout_misc_corridors, lemuel_fruit_tree
Shoals:1: layout_shoals, serial_shops, shop, minmay_shop_mass,
          nicolae_shoals_water_shrine

Skill      XL: |  1  2  3  4  5  6  7  8  9 10 11 12 13 14 |
---------------+-------------------------------------------+-----
Polearms       | 2 3 4 5 6 7 8 9 10 11 12 14 | 14.8
Fighting       | 3 4 5 6 8 9 10 11 13 14 | 14.1
Dodging        | 3 5 7 8 10 11 12 13 | 13.7
Spellcasting   | 3 5 |  5.0
Throwing       | |  0.8
Armour         | |  0.8
Translocations | |  2.8

Action                   |  1- 3 |  4- 6 |  7- 9 | 10-12 | 13-15 || total
-------------------------+-------+-------+-------+-------+-------++-------
Melee: Spear             |   160 |    34 |       |   853 |    63 ||  1110
       Trident           |       |    72 |   145 |    59 |       ||   276
       Dagger            |       |    40 |    36 |    43 |    13 ||   132
       Punch             |       |     2 |     9 |    24 |       ||    35
       Mace              |       |    30 |   127 |    83 |       ||   240
       Longbow           |       |       |     1 |       |       ||     1
       Broad axe         |       |       |       |    13 |    19 ||    32
       Glaive            |       |       |       |    80 |   701 ||   781
       Bardiche          |       |       |       |       |     9 ||     9
 Fire: Longbow           |       |       |    27 |    56 |       ||    83
Throw: Dart              |     5 |     6 |     5 |    39 |     8 ||    63
       Stone             |     1 |     9 |       |       |       ||    10
       Boomerang         |       |    11 |    54 |    16 |    30 ||   111
       Javelin           |       |       |     1 |     7 |       ||     8
 Cast: Blink             |       |     3 |     6 |     8 |    16 ||    33
       Gell's Gravitas   |       |       |     9 |    11 |    14 ||    34
       Teleport Other    |       |       |     5 |       |       ||     5
Evoke: Wand              |       |     5 |    11 |     3 |     4 ||    23
       Box of beasts     |       |       |       |       |     1 ||     1
  Use: Scroll            |       |       |       |    12 |    22 ||    34
       Potion            |       |       |       |     2 |     5 ||     7
 Stab: Sleeping          |     1 |       |     1 |     2 |     1 ||     5
       Distracted        |       |       |     1 |       |       ||     1
Armor: Leather armour    |    50 |    64 |       |       |       ||   114
       Robe              |       |     6 |    61 |       |    24 ||    91
       Troll leather arm |       |       |    39 |   179 |   170 ||   388
       Scale mail        |       |       |       |    23 |       ||    23
Dodge: Dodged            |    68 |    65 |   229 |   690 |   697 ||  1749
Block: Other             |       |       |       |   117 |   181 ||   298
       Reflection        |       |       |       |     1 |     1 ||     2

Table legend: (Time is in decaauts)
 A = Elapsed time spent in this place.
 B = Non-inter-level travel time spent in this place.
 C = Inter-level travel time spent in this place.
 D = Time resting spent in this place.
 E = Time spent auto-exploring this place.
 F = Levels seen in this place.
 G = Mean time per level.
                   A        B        C        D        E       F      G
               +--------+--------+--------+--------+--------+-----+--------+
         Total |  23681 |  22554 |   1127 |   2731 |  12291 |  21 | 1127.7 |
       Dungeon |  11890 |  11183 |    707 |   1423 |   6463 |  10 | 1189.0 |
          Lair |   8339 |   7920 |    419 |    575 |   4913 |   6 | 1389.8 |
        Shoals |    783 |    783 |      0 |    142 |    392 |   1 |  783.0 |
        Bailey |    752 |    752 |      0 |    109 |    173 |   1 |  752.0 |
      Ice Cave |   1305 |   1305 |      0 |    427 |    299 |   1 | 1305.0 |
       Volcano |    103 |    103 |      0 |      0 |      0 |   1 |  103.0 |
      Gauntlet |    505 |    505 |      0 |     55 |     51 |   1 |  505.0 |
               +--------+--------+--------+--------+--------+-----+--------+

Top non-repeatable levels by time:
  Lair:6: 1757 daAuts
     D:2: 1678 daAuts
  Lair:3: 1667 daAuts
  Lair:4: 1360 daAuts
     D:5: 1326 daAuts
     D:1: 1312 daAuts
   IceCv: 1305 daAuts
  Lair:5: 1228 daAuts
     D:8: 1226 daAuts
     D:7: 1220 daAuts
     D:3: 1194 daAuts
  Lair:1: 1166 daAuts
  Lair:2: 1159 daAuts
    D:10: 1096 daAuts
     D:6: 1049 daAuts
